 Dungeon Sprint DCSS version 0.30-a0-737-gf23d94013f (webtiles) character file.

Game seed: 2418952072777548349

1104 sircluck the Blocker (level 8, -1/89 HPs)
             Began as a Troll Fighter on Feb 2, 2023.
             Slain by a demonic crawler (6 damage)
             ... in the Dungeon (Sprint I: "Red Sonja").
             The game lasted 00:01:17 (182 turns).

sircluck the Blocker (Troll Fighter)                 Turns: 182, Time: 00:01:18

Health: -1/89      AC:  4    Str: 27    XL:     8   Next: 11%
Magic:  7/7        EV: 11    Int:  4    God:
Gold:   420        SH: 10    Dex:  9    Spells: 7/7 levels left

rFire   . . .      SeeInvis .      - Unarmed
rCold   . . .      Faith    .    b - +0 kite shield
rNeg    . . .      Spirit   .    a - +0 robe
rPois   .          Reflect  .    (helmet restricted)
rElec   .          Harm     .    (no cloak)
rCorr   .          Rampage  .    (gloves unavailable)
Will    .....      NoTele   +    (boots unavailable)
Stlth   +                        (no amulet)
HPRegen 1.14/turn                (no ring)
MPRegen 0.10/turn                (no ring)

@: mighty, hasted, very quick
A: large, unfitting armour, claws 3, regeneration 1, shaggy fur 1, tough skin 1
a: no special abilities


You were in the Dungeon.
You visited 1 branch You collected 420 gold pieces.

Inventory:

Armour
 a - a +0 robe (worn)
 b - a +0 kite shield (worn)
Wands
 j - a wand of acid (2)
Scrolls
 i - a scroll of blinking
Potions
 d - a potion of curing
 e - a potion of heal wounds
 g - 2 potions of magic
 h - 2 potions of berserk rage


   Skills:
 + Level 8.4 Fighting
 + Level 8.2 Dodging
 + Level 9.0 Shields
 + Level 7.7 Unarmed Combat
 + Level 0.7 Evocations


You had 7 spell levels left.
You didn't know any spells.
Your spell library was empty.

Dungeon Overview and Level Annotations

Branches:
Dungeon (1/1)

Altars:
Makhleb
Sif Muna
Vehumet
Wu Jian
Xom
Jiyva
Lugonu


Innate Abilities, Weirdness & Mutations

You are too large for most types of armour.
You have claws for hands.
Your natural rate of healing is unusually fast.
You are covered in fur. (AC +1)
You have tough skin. (AC +1)


Message History

Your Dodging skill increases to level 8!
Your Shields skill increases to level 9!
You have reached level 8!
Things that are here:
a +0 dagger; a +0 robe
Things that are here:
a +0 dagger; a +0 robe; a kobold corpse You open the door. 4 demonic crawlers come into view.
The demonic crawler gives a hideous shriek! x4
Aiming: Corrosive Bolt
Press: ? - help, Q - select action Shift-Dir - straight line, f - demonic crawler
Aim: a demonic crawler (86% to hit)
The bolt of acid hits the demonic crawler!
The demonic crawler is moderately wounded.
The bolt of acid hits the demonic crawler!
The demonic crawler is lightly wounded.
The bolt of acid hits the demonic crawler.
The acid corrodes the demonic crawler!
The demonic crawler is lightly wounded.
The demonic crawler misses you. The demonic crawler barely misses you.
The demonic crawler hits you. The demonic crawler hits you!
The demonic crawler misses you.
The demonic crawler completely misses you.
You feel very mighty all of a sudden. The demonic crawler barely misses you.
The demonic crawler hits you. The demonic crawler hits you!
You block the demonic crawler's attack. The demonic crawler hits you!!
The demonic crawler hits you!
You mangle the demonic crawler!!
The demonic crawler is moderately wounded.
You block the demonic crawler's attack. The demonic crawler hits you!
* * * LOW HITPOINT WARNING * * *
The demonic crawler barely misses you. The demonic crawler hits you.
* * * LOW HITPOINT WARNING * * *
The demonic crawler hits you!
* * * LOW HITPOINT WARNING * * *
The demonic crawler hits you.
* * * LOW HITPOINT WARNING * * *
You feel yourself speed up. The demonic crawler hits you.
You die...

##################
.#..'..#__#..')..#
.').#..'..'..#).s##+#
'#####'#__####..@ss.#
.#...#.#### #####s.+
##..##[# ## ##'#_.+
+..._# #_.#'# ##+#)#
###


You could see 4 demonic crawlers.

Vanquished Creatures
  2 kobold demonologists (D)
  A slime creature (D)
  Sigmund (D)
  A floating eye (D)
  An ogre (D)
  A jelly (D)
  Ijyb (D)
8 creatures vanquished.

Notes
Turn   | Place    | Note
-------+----------+-------------------------------------------
     0 | D        | sircluck the Troll Fighter began the quest for the Orb.
     0 | D        | Reached XP level 1. HP: 22/22 MP: 0/0
     2 | D        | Noticed Ijyb
    20 | D        | Killed Ijyb
    21 | D        | Reached skill level 3 in Shields
    21 | D        | Reached XP level 2. HP: 11/31 MP: 1/1
    42 | D        | Noticed an ogre
    46 | D        | Killed an ogre
    47 | D        | Reached skill level 5 in Fighting
    47 | D        | Reached skill level 5 in Shields
    47 | D        | Reached XP level 3. HP: 42/42 MP: 2/2
    47 | D        | Reached XP level 4. HP: 50/50 MP: 3/3
    51 | D        | Noticed Sigmund
    58 | D        | Killed Sigmund
    59 | D        | Reached skill level 6 in Shields
    59 | D        | Reached XP level 5. HP: 53/59 MP: 4/4
    59 | D        | Reached XP level 6. HP: 60/67 MP: 5/5
    85 | D        | Found an ornate altar of the Wu Jian Council.
    85 | D        | Found a shimmering blue altar of Sif Muna.
    87 | D        | Found a radiant altar of Vehumet.
   127 | D        | Found a burning altar of Makhleb.
   127 | D        | Found a viscous altar of Jiyva.
   127 | D        | Found a shimmering altar of Xom.
   127 | D        | Found a corrupted altar of Lugonu.
   127 | D        | Noticed a slime creature
   135 | D        | Killed a slime creature
   136 | D        | Reached skill level 7 in Shields
   136 | D        | Reached skill level 5 in Unarmed Combat
   153 | D        | Noticed a kobold demonologist
   153 | D        | Noticed a floating eye
   153 | D        | Noticed a kobold demonologist
   156 | D        | Killed a floating eye
   157 | D        | Reached XP level 7. HP: 78/78 MP: 6/6
   164 | D        | Killed a kobold demonologist
   165 | D        | Reached skill level 8 in Shields
   165 | D        | Noticed a chaos spawn
   171 | D        | Noticed a hellwing
   172 | D        | Killed a kobold demonologist
   173 | D        | Reached skill level 9 in Shields
   173 | D        | Reached XP level 8. HP: 76/89 MP: 7/7
   178 | D        | Noticed a demonic crawler
   178 | D        | Noticed a demonic crawler
   178 | D        | Noticed a demonic crawler
   178 | D        | Noticed a demonic crawler
   181 | D        | HP: 4/89 [demonic crawler (3)]
   182 | D        | Slain by a demonic crawler

Illustrated notes

Levels and vault maps discovered:
D:        dungeon_sprint_1 [red_sonja_temple_1, red_sonja_temple_small_1]

Skill      XL: |  1  2  3  4  5  6  7 |
---------------+----------------------+-----
Fighting       | 3 5 6 7 8 |  8.4
Dodging        | 3 4 6 7 8 |  8.2
Shields        | 3 5 6 7 9 |  9.0
Unarmed Combat | 3 4 6 7 |  7.7
Evocations     | |  0.7

Action                     |  1- 3 |  4- 6 |  7- 9 || total
---------------------------+-------+-------+-------++-------
  Melee: Unarmed           |    20 |    17 |    17 ||    54
  Evoke: Wand              |     1 |     1 |     1 ||     3
    Use: Potion            |       |       |     2 ||     2
 Armour: Robe              |     3 |       |     1 ||     4
  Dodge: Dodged            |     5 |     6 |    10 ||    21
  Block: Kite shield       |     4 |     3 |     9 ||    16

Table legend: (Time is in decaauts)
 A = Elapsed time spent in this place.
 B = Non-inter-level travel time spent in this place.
 C = Inter-level travel time spent in this place.
 D = Time resting spent in this place.
 E = Time spent auto-exploring this place.
 F = Levels seen in this place.
 G = Mean time per level.
                   A        B        C        D        E       F      G
               +--------+--------+--------+--------+--------+-----+--------+
         Total |    183 |    183 |      0 |     17 |      7 |   1 |  183.0 |
       Dungeon |    183 |    183 |      0 |     17 |      7 |   1 |  183.0 |
               +--------+--------+--------+--------+--------+-----+--------+

Top non-repeatable levels by time:
       D: 183 daAuts
